 Dungeon Crawl Stone Soup version 0.31.0-12-g77e489cdc1 (webtiles) character file.

Game seed: 9536971200979671238

822 ChadusMaximus the Summoner (level 7, 0/46 HPs)
             Began as a Barachi Summoner on Mar 3, 2024.
             Slain by a gnoll sergeant
             ... wielding a +2 spear of freezing
              (3 damage)
             ... on level 5 of the Dungeon.
             The game lasted 00:07:13 (4476 turns).

ChadusMaximus the Summoner (Barachi Summoner)       Turns: 4476, Time: 00:07:16

Health: 0/46       AC:  5    Str: 10    XL:     7   Next: 95%
Magic:  3/15       EV: 12    Int: 17    God:
Gold:   245        SH:  0    Dex: 18    Spells: 6/16 levels left

rFire   . . .        n - +3 sling
rCold   . . .        (no shield)
rNeg    . . .        z - +0 robe {Will+}
rPois   .            (no helmet)
rElec   .            l - +0 cloak
rCorr   .            j - +0 pair of gloves
SInv    .            x - +0 pair of boots
Will    ++...        (no amulet)
Stlth   ++           p - ring of willpower
HPRegen 0.27/turn    v - +6 ring of dexterity
MPRegen 0.14/turn

%: no passive effects
@: unable to hop, slow
A: amphibious, slowness 1, strong legs 1, +LOS
a: Hop


You were on level 5 of the Dungeon.
You visited 1 branch of the dungeon, and saw 5 of its levels.

You collected 245 gold pieces.

Inventory:

Hand Weapons
 c - a +0 short sword
 n - a +3 sling (weapon)
Missiles
 d - a throwing net
Armour
 a - a +0 robe
 j - a +0 pair of gloves (worn)
 l - a +0 cloak (worn)
 x - a +0 pair of boots (worn)
 z - a +0 robe of willpower (worn)
Jewellery
 p - a ring of willpower (left hand)
 v - a +6 ring of dexterity (right hand)
Talismans
 u - a dragon-blood talisman
Scrolls
 e - 2 scrolls of amnesia {unknown}
 f - a scroll of torment {unknown}
 g - 3 scrolls of fog {unknown}
 h - 5 scrolls of teleportation {unknown}
 m - 3 scrolls of blinking {unknown}
 r - 3 scrolls of identify {unknown}
 s - a scroll of noise {unknown}
 y - a scroll of vulnerability {unknown}
Potions
 b - 2 potions of magic
 i - a potion of degeneration {unknown}
 k - a potion of curing
 o - a potion of brilliance {unknown}
 q - a potion of cancellation {unknown}
 t - a potion of invisibility {unknown}
 w - a potion of attraction {unknown}
 A - a potion of heal wounds {unknown}


   Skills:
 - Level 2.1 Dodging
 - Level 1.7 Stealth
 + Level 5.4 Spellcasting
 * Level 9.7 Summonings


You had 6 spell levels left.
You knew the following spells:

 Your Spells              Type           Power      Damage    Failure   Level
a - Summon Small Mammal   Summ           100%       N/A       1%          1
b - Call Canine Familiar  Summ           37%        N/A       1%          3
c - Call Imp              Summ           74%        N/A       1%          2
d - Summon Lightning Spi  Summ/Air       21%        N/A       19%         4

Your spell library contained the following spells:

 Spells                   Type           Power      Damage    Failure   Level
 Summon Blazeheart Golem  Fire/Summ      21%        N/A       19%         4
 Static Discharge         Conj/Air       8%         3-4/arc   21%         2
 Fugue of the Fallen      Necr           4%         N/A       38%         3
 Ozocubu's Armour         Ice            4%         N/A       38%         3
 Airstrike                Air            2%         2d(1-17)  80%         4
 Manifold Assault         Tloc           4%         N/A       80%         4


Dungeon Overview and Level Annotations

Branches:
Dungeon (5/15)
 Temple: D:4-7

Altars:
Xom

Shops:
D:1 (   D:3 (   D:5 =


Innate Abilities, Weirdness & Mutations

You are amphibious.
You cover ground slowly.
You can hop short distances.
You have an extended range of vision and can be seen from far away.


Message History

Press: ? - help, Dir - move target
Found a whip.
Boing!
Your cerulean imp completely misses the gnoll sergeant.
Something hits your cerulean imp.
A gnoll sergeant is nearby!
Found Xigag's Jewellery Shop.
Casting: Call Imp (safe; 1% risk of failure)
Confirm with . or Enter, or press ? or * to list all spells.
Your cerulean imp barely misses the gnoll sergeant.
The gnoll sergeant attacks as it pursues you!
The gnoll sergeant hits you from afar with a +2 spear of freezing.
The gnoll sergeant freezes you.
Your quokka barely misses the gnoll sergeant.
Your quokka bites the gnoll sergeant.
The gnoll sergeant attacks as it pursues you!
The gnoll sergeant hits you from afar with a +2 spear of freezing.
The gnoll sergeant freezes you.
Casting: Summon Small Mammal (safe; 1% risk of failure)
Confirm with . or Enter, or press ? or * to list all spells.
Your cerulean imp hits the gnoll sergeant but does no damage.
The gnoll sergeant hits you from afar with a +2 spear of freezing!
* * * LOW HITPOINT WARNING * * *
The gnoll sergeant freezes you.
* * * LOW HITPOINT WARNING * * *
Your quokka bites the gnoll sergeant.
Your cerulean imp completely misses the gnoll sergeant.
Found a notched pearl ring.
Your quokka bites the gnoll sergeant but does no damage.
Your rat barely misses the gnoll sergeant.
The gnoll sergeant hits you from afar with a +2 spear of freezing.
* * * LOW HITPOINT WARNING * * *
The gnoll sergeant freezes you.
* * * LOW HITPOINT WARNING * * *
It was a potion of curing.
You feel better.
Your rat bites the gnoll sergeant but does no damage.
Your quokka bites the gnoll sergeant but does no damage.
The gnoll sergeant hits you from afar with a +2 spear of freezing!
* * * LOW HITPOINT WARNING * * *
The gnoll sergeant freezes you.
You die...

#. #.. #. #.. #. .. ..
#.## #.## .# ..# ..# #.#
#. #.# #.# .. #... #∩##
#.### .#
......###.r###...###.#
........@.gr5......).#
=.....####.######...####
.### #.# #......# #.#
#...##.# #.# #.#g# ..
#.# #.#).## #.#
#..##h.## #.# #..## #5.#
#.###..# ##.#


You could see a gnoll sergeant (ally target), a friendly cerulean imp
(summoned), a friendly quokka (summoned) and a friendly rat (summoned).

Vanquished Creatures
  A lemure (D:4)
  A hound (D:4)
  2 gnolls (D:2)
  3 dart slugs (D:3)
  5 orcs
  A bat (D:3)
  4 endoplasms
  2 giant cockroaches (D:2)
  2 goblins (D:4)
  4 hobgoblins
  6 jackals (D:1)
  3 quokkas
  5 ball pythons
  3 frilled lizards
  6 kobolds
  6 rats
54 creatures vanquished.

Vanquished Creatures (collateral kills)
  Pikel (D:4)
  A black bear (D:5)
  A lemure (D:4)
  A scorpion (D:4)
  An orc priest (D:4)
  An iguana (D:4)
  4 gnolls
  A white imp (D:5)
  A dart slug (D:1)
  A ribbon worm (D:2)
  An orc (D:4)
  2 endoplasms
  2 goblins (D:1)
  5 hobgoblins
  3 jackals (D:1)
  A quokka (D:2)
  A ball python (D:1)
  A bat (D:1)
  A frilled lizard (D:1)
  A kobold (D:1)
  2 rats
33 creatures vanquished.

Grand Total: 87 creatures vanquished

Notes
Turn   | Place    | Note
-------+----------+-------------------------------------------
     0 | D:1      | ChadusMaximus the Barachi Summoner began the quest for the
                  | Orb.
     0 | D:1      | Reached XP level 1. HP: 13/13 MP: 3/3
   131 | D:1      | Reached skill level 5 in Summonings
   153 | D:1      | Reached XP level 2. HP: 14/19 MP: 1/5
   407 | D:1      | Reached XP level 3. HP: 13/24 MP: 7/7
   609 | D:1      | Found Kagherch's Antique Weapon Emporium.
   725 | D:2      | Found a faded altar of an unknown god.
  1460 | D:2      | Reached skill level 6 in Summonings
  1490 | D:2      | Reached XP level 4. HP: 30/30 MP: 8/8
  1965 | D:3      | Found a shimmering altar of Xom.
  2485 | D:3      | Found Xaptuan's Weapon Shop.
  2765 | D:4      | Learned a level 3 spell: Call Canine Familiar
  2768 | D:4      | Learned a level 2 spell: Call Imp
  2794 | D:4      | Reached XP level 5. HP: 4/35 MP: 1/10
  3307 | D:4      | Reached skill level 7 in Summonings
  3457 | D:4      | Reached XP level 6. HP: 36/41 MP: 5/11
  3509 | D:4      | Noticed Pikel
  3680 | D:3      | Learned a level 4 spell: Summon Lightning Spire
  4040 | D:4      | Killed Pikel
  4041 | D:4      | Reached skill level 5 in Spellcasting
  4041 | D:4      | Reached skill level 9 in Summonings
  4041 | D:4      | Reached XP level 7. HP: 15/46 MP: 4/14
  4367 | D:5      | Entered Level 5 of the Dungeon
  4469 | D:5      | Found Xigag's Jewellery Shop.
  4476 | D:5      | Slain by a gnoll sergeant

Illustrated notes

Levels and vault maps discovered:
D:1:      scummos_arrival_star, layout_rooms, serial_shops, shop, hex_tiny,
          minmay_statues_item
D:2:      layout_basic, basic_ecumenical_altar
D:3:      layout_loops_corners, mainiacjoe_overflow_cross_hatched, serial_shops,
          nicolae_shop_window_shopping, dk_noncrumbling_2
D:4:      layout_rooms, uniq_pikel
D:5:      layout_rooms, minmay_temple_entry_slanted, serial_shops, shop,
          kennysheep_generic_room_2

Skill      XL: |  1  2  3  4  5  6 |
---------------+-------------------+-----
Summonings     | 5 6 7 9 |  9.7
Spellcasting   | 3 5 |  5.4
Dodging        | |  2.1
Stealth        | |  1.7

Action                     |  1- 3 |  4- 6 |  7- 9 || total
---------------------------+-------+-------+-------++-------
  Melee: Unarmed           |    16 |       |       ||    16
         Short sword       |    92 |       |       ||    92
   Fire: Sling             |    14 |   133 |    11 ||   158
   Cast: Summon Small Mamm |    24 |    10 |     5 ||    39
         Call Canine Famil |       |    11 |     3 ||    14
         Call Imp          |       |     8 |     3 ||    11
         Summon Lightning  |       |     1 |       ||     1
Ability: Hop               |       |     2 |     1 ||     3
    Use: Potion            |       |       |     1 ||     1
   Stab: Sleeping          |     2 |       |       ||     2
 Armour: Robe              |    56 |    59 |    14 ||   129
  Dodge: Dodged            |    93 |    57 |     4 ||   154
         Form:             |       |     1 |       ||     1
         Dragon            |       |     1 |       ||     1
